 Dungeon Crawl Stone Soup version bcrawl-1.12-11-gb93c957c58 (webtiles) character file.

Game seed: 3160807808383069123

15378 Hercules1031 the Fighter (level 12, -13/112 HPs)
             Began as a Hill Orc Archaeologist on July 1, 2019.
             Was an Elder of Beogh.
             Mangled by a merfolk impaler
             ... wielding a +1 trident of freezing
              (21 damage)
             ... on level 1 of the Shoals.
             The game lasted 00:42:50 (11553 turns).

Hercules1031 the Fighter (Hill Orc Archaeologist)  Turns: 11553, Time: 00:42:51

Health: -13/112    AC: 23    Str: 19    XL:     12   Next: 26%
Magic:  4/4        EV: 14    Int: 14    God:    Beogh [****..]
Gold:   742        SH:  5    Dex:  9    Spells: 11/11 levels left

rFire    + + .     SeeInvis .   f - +8 Wrath of Trog {antimagic, *Rage}
rCold    . . .     Gourm    .   (shield currently unavailable)
rNeg     + . .     Faith    .   r - +2 ring mail {rF+}
rPois    .         Spirit   .   s - +2 helmet
rElec    .         Reflect  +   j - +2 cloak
rCorr    .         Harm     .   d - +2 pair of gloves
MR       .....     Rnd*Rage +   y - +2 pair of boots
Stlth    +.........             e - +5 amulet of reflection
HPRegen  0.28/turn              p - ring of protection from fire
MPRegen  0.09/turn              A - ring of positive energy

@: afraid, berserk cooldown, hasted and slowed
A: no striking features
a: Smiting, Recall Orcish Followers, Renounce Religion


You were on level 1 of the Shoals.
You worshipped Beogh.
Beogh was greatly pleased with you.
You were not hungry.

You visited 4 branches of the dungeon, and saw 13 of its levels.
You also visited: Ossuary and Bailey.

You collected 896 gold pieces.
You spent 154 gold pieces at shops.

Inventory:

Hand Weapons
 f - the +8 Wrath of Trog (weapon) {antimagic, *Rage}

   It reduces the magical energy of the wielder, and disrupts the spells and
   magical abilities of those hit.
   Natural abilities and divine invocations are not affected.
   It may make you go berserk in combat.
 t - a +1 battleaxe of freezing
 u - a +2 halberd
 z - a +2 dire flail
 B - a +2 falchion of holy wrath
 C - the +9 quarterstaff of the Dove {elec, rN++ Str+5, unknown}
   (You found it on level 3 of the Lair of Beasts)

   Occasionally, upon striking a foe, it will discharge some electrical energy
   and cause terrible harm.
   It affects your strength (+5).
   It greatly protects you from negative energy.
 T - a +1 whip of electrocution
 U - a +0 scimitar of flaming
Missiles
 o - 3998 stones (quivered)
Armour
 b - a +1 hat
 d - a +2 pair of gloves (worn)
 i - a scarf of cloud immunity
 j - a +2 cloak (worn)
 r - a +2 ring mail of fire resistance (worn)
 s - a +2 helmet (worn)
 y - a +2 pair of boots (worn)
 D - a +0 buckler
 K - a +0 shield
 O - a +0 plate armour
Jewellery
 e - a +5 amulet of reflection (around neck)
 p - a ring of protection from fire (left hand)
 A - a ring of positive energy (right hand)
 V - an uncursed ring of protection from cold
 X - a cursed ring of teleportation {unknown}
Wands
 a - a wand of digging (9)
 n - a wand of random effects (9)
 x - a wand of iceblast (16)
 E - a wand of acid (6)
 G - a wand of polymorph (10)
 R - a wand of flame (23)
 Z - a wand of disintegration (9)
Scrolls
 c - 8 scrolls of enchant weapon
 h - 11 scrolls of teleportation
 q - 8 scrolls of identify
 v - 5 scrolls of amnesia
 L - a scroll of magic mapping
 M - 2 scrolls of remove curse
 P - a scroll of summoning
 Q - 2 scrolls of enchant armour
 S - 2 scrolls of blinking
Potions
 k - 2 potions of heal wounds
 l - 9 potions of curing
 m - 2 potions of lignification
 w - a potion of brilliance
 F - 2 potions of berserk rage
 H - 3 potions of agility
 I - 3 potions of invisibility
 J - a potion of cancellation
 N - a potion of haste
 Y - a potion of flight
Miscellaneous
 W - a fan of gales
Comestibles
 g - 10 rations {!d}


   Skills:
 * Level 12.2 Fighting
   Level 12.2 Short Blades
   Level 12.2 Long Blades
   Level 12.2 Axes
   Level 12.2 Maces & Flails
   Level 12.2 Polearms
   Level 12.2 Staves
 + Level 10.7 Armour
 + Level 8.7 Dodging
 - Level 2.6 Stealth
   Level 12.2 Unarmed Combat


You had 11 spell levels left.
You didn't know any spells.
Your spell library contained the following spells:

 Spells                   Type           Power        Failure   Level  Hunger
 Freeze                   Ice            #...         41%         1    ##.....
 Throw Frost              Conj/Ice       #.....       54%         2    ###....
 Ozocubu's Armour         Chrm/Ice       #.......     78%         3    ####...
 Recall                   Summ/Tloc      N/A          78%         3    ####...
 Animate Dead             Necr           N/A          99%         4    #####..
 Summon Ice Beast         Ice/Summ       #.......     99%         4    #####..
 Throw Icicle             Conj/Ice       #.......     99%         4    #####..
 Borgnjor's Vile Clutch   Necr/Erth      #.........   100%        6    #######
 Death Channel            Necr           #.........   100%        6    #######
 Simulacrum               Ice/Necr       #.........   100%        6    #######


Dungeon Overview and Level Annotations

Branches:
Dungeon (8/12)             Temple (1/1) D:4            Lair (3/6) D:8
 Shoals (1/3) Lair:3
  Snake: Lair:2-4    Spider: Lair:2-4       Orc: D:8-11

Altars:
Ashenzari
Cheibriados
Dithmenos
Elyvilon
Fedhas
Gozag
Kikubaaqudgha
Lugonu
Makhleb
Nemelex Xobeh
Okawaru
Qazlal
Ru
Sif Muna
Trog
Uskayaw
Vehumet
Wu Jian
Xom
Yredelemnul
Zin
The Shining One

Shops:
D:6 !   D:8 =

Annotations:
D:4 exclusion: oklob plant


Message History

The manticore claws you.
* * * LOW HITPOINT WARNING * * *
You block the merfolk impaler's attack. The merfolk impaler closely misses you.
The manticore bites you but does no damage.
The manticore claws you but does no damage. x2
Unknown command.
You feel much better. You block the merfolk impaler's attack.
The satyr shoots an arrow.
The arrow hits you.
* * * LOW HITPOINT WARNING * * *
The manticore bites you!
* * * LOW HITPOINT WARNING * * *
The manticore claws you but does no damage. x2
The merfolk impaler hits you but does no damage.
You feel yourself speed up.
Brunolf no longer looks unusually strong.
Brunolf seems to regain its courage.
Brunolf roars a battlecry!
Your orc warrior goes into a battle-frenzy!
The merfolk impaler hits you from afar with a +1 trident of freezing!!
You die...

≈≈≈≈≈≈≈≈≈≈≈≈≈≈≈≈≈≈≈≈≈≈..
≈≈≈≈≈≈≈≈≈≈≈≈≈≈≈≈≈≈≈≈....
≈≈≈≈≈≈≈≈≈≈≈≈≈≈≈≈≈≈≈≈≈≈≈≈
≈≈≈≈≈≈≈≈≈≈≈≈≈≈≈≈≈≈≈≈≈≈≈≈
≈≈≈≈≈≈≈≈.....≈≈≈≈≈≈≈≈≈≈≈
≈≈≈≈≈≈≈....#####≈≈≈≈≈≈≈#
≈≈≈≈≈≈.........##≈≈≈≈≈##
≈≈≈≈≈..o.......≈##≈≈≈##≈
≈≈≈≈..o@...).....##.##.≈
≈≈≈≈≈.Ho.m.###....)...(≈
≈≈≈≈≈...).)).##........≈
≈≈≈≈≈.....c...##.......#
≈≈≈≈≈..........#########
≈≈≈≈≈...........≈ ≈≈
..≈≈≈≈....>...... ≈≈≈≈
≈≈≈≈≈≈≈≈......≈.. ≈≈≈≈≈≈
≈≈≈c≈≈


You could see a merfolk impaler, a satyr, a manticore, a friendly orc knight
(fleeing), the friendly Brunolf the orc knight and a friendly orc warrior
(fleeing).

Vanquished Creatures
  A hydra (Lair:1)
  A two-headed ogre (D:8)
  2 sea snakes (Shoals:1)
  An orc knight (Bailey)
  A faun (Shoals:1)
  A water nymph (Shoals:1)
  A centaur skeleton (D:7)
  2 komodo dragons
  3 merfolk (Shoals:1)
  Eustachio (D:5)
  A hungry ghost (D:6)
  Menkaure (D:5)
  A water moccasin (Lair:2)
  4 orc warriors
  A porcupine (Lair:2)
  5 sky beasts
  3 wolves (Lair:2)
  An ogre (D:4)
  3 centaurs
  2 crocodiles
  7 big kobolds (D:6)
  3 bullfrogs
  An elf zombie (Ossuary)
  A gnoll sergeant (D:5)
  2 scorpions
  7 wights
  4 electric eels
  2 howler monkeys
  2 jellies
  A bullfrog skeleton (D:7)
  A hound (D:4)
  A bullfrog zombie (D:5)
  2 centaur zombies (Ossuary)
  A human zombie (Ossuary)
  4 orc priests
  3 orc wizards
  Ijyb (D:5)
  Terence (D:2)
  2 iguanas
  9 worker ants
  A killer bee zombie (D:8)
  2 big kobold zombies (Ossuary)
  A hound zombie (Ossuary)
  A hound skeleton (D:4)
  3 mummies (Ossuary)
  6 gnolls
  13 adders
  An ooze (D:1)
  4 adder zombies
  2 adder skeletons
  A dart slug (D:6)
  4 leopard geckos
  28 orcs
  6 giant cockroaches
  3 goblins
  11 hobgoblins
  15 jackals
  6 quokkas
  A ball python (D:3)
  11 bats
  2 frilled lizards
  3 goblin zombies (Ossuary)
  6 hobgoblin zombies (Ossuary)
  4 jackal zombies (Ossuary)
  45 kobolds
  2 kobold zombies (Ossuary)
  2 orc zombies (Ossuary)
  7 quokka zombies (Ossuary)
  10 rats
  2 rat zombies (Ossuary)
  A fungus (Lair:2)
  3 plants (D:8)
298 creatures vanquished.

Vanquished Creatures (collateral kills)
  A hydra (Lair:1)
  Erica (Lair:1)
  2 sea snakes (Shoals:1)
  An orc knight (Bailey)
  2 manticores (Shoals:1)
  5 fauns (Shoals:1)
  A black mamba (Lair:1)
  3 cane toads
  A centaur skeleton (D:8)
  3 merfolk (Shoals:1)
  5 blink frogs (Lair:1)
  A snapping turtle (Shoals:1)
  6 yaks (Lair:1)
  3 basilisks
  A porcupine (Lair:1)
  A water moccasin (Lair:2)
  A black bear (D:8)
  3 orc warriors (Bailey)
  3 wolves (Lair:2)
  3 crocodiles
  A big kobold (D:8)
  A bullfrog (Lair:1)
  A scorpion (D:8)
  An electric eel (Lair:3)
  A wight (D:8)
  An orc wizard (D:8)
  8 orcs (Bailey)
  4 fungi
  4 plants
69 creatures vanquished.

Vanquished Creatures (others)
  An orc knight (Shoals:1)
  An orc warrior (Lair:1)
  2 orc priests
  22 orcs
  A kobold (D:6)
  A fungus (Lair:2)
  2 plants (D:8)
30 creatures vanquished.

Grand Total: 397 creatures vanquished

Notes
Turn   | Place    | Note
-------+----------+-------------------------------------------
     0 | D:1      | Hercules1031 the Hill Orc Archaeologist began the quest for
                  | the Orb.
     0 | D:1      | Reached XP level 1. HP: 15/15 MP: 1/1
    62 | D:1      | Reached skill level 1 in Fighting
   141 | D:1      | Reached XP level 2. HP: 16/23 MP: 2/2
   207 | D:1      | Reached skill level 1 in Armour
   641 | D:1      | Reached XP level 3. HP: 28/28 MP: 3/3
   775 | D:1      | Reached skill level 2 in Fighting
  1276 | D:2      | Reached XP level 4. HP: 32/37 MP: 4/4
  1506 | D:2      | Noticed Terence
  1550 | D:2      | Killed Terence
  1550 | D:2      | Reached skill level 3 in Fighting
  2361 | D:3      | Reached XP level 5. HP: 42/45 MP: 5/5
  3088 | D:3      | Reached skill level 4 in Fighting
  3203 | D:3      | Reached XP level 6. HP: 52/53 MP: 6/6
  3482 | D:4      | Noticed an orc warrior
  3494 | D:4      | Killed an orc warrior
  3494 | D:4      | Reached skill level 5 in Fighting
  3535 | D:4      | Found a staircase to the Ecumenical Temple.
  3557 | D:4      | Noticed a sky beast
  3559 | Temple   | Entered the Ecumenical Temple
  3673 | D:4      | Killed a sky beast
  3673 | D:4      | Reached XP level 7. HP: 46/62 MP: 7/7
  3774 | D:4      | Found a blossoming altar of Fedhas.
  3794 | D:4      | Noticed an oklob plant
  3877 | D:4      | Reached skill level 6 in Fighting
  4228 | D:5      | Entered Level 5 of the Dungeon
  4283 | D:5      | Noticed Ijyb
  4291 | D:5      | Killed Ijyb
  4363 | D:5      | Reached XP level 8. HP: 71/71 MP: 2/8
  4588 | D:5      | Noticed Menkaure
  4596 | D:5      | Killed Menkaure
  4596 | D:5      | Reached skill level 5 in Armour
  4601 | D:5      | Reached skill level 7 in Fighting
  5372 | D:5      | Noticed Eustachio
  5381 | D:5      | Killed Eustachio
  5381 | D:5      | Reached skill level 5 in Dodging
  5623 | D:6      | Found Keuz's Distillery.
  5627 | D:6      | Bought a potion of heal wounds for 70 gold pieces
  5627 | D:6      | Bought a potion of curing for 42 gold pieces
  5627 | D:6      | Bought a potion of curing for 42 gold pieces
  5734 | D:6      | Reached XP level 9. HP: 81/81 MP: 3/9
  5842 | D:6      | Reached skill level 8 in Fighting
  5869 | D:6      | Became a worshipper of Beogh the Brigand
  5980 | D:6      | Reached * piety under Beogh
  7018 | D:7      | Reached ** piety under Beogh
  7018 | D:7      | Reached skill level 9 in Fighting
  7149 | D:7      | Reached XP level 10. HP: 91/91 MP: 3/10
  7449 | D:8      | Found a flagged portal.
  7451 | D:8      | Found a sand-covered staircase.
  7460 | Ossuary  | Entered an ossuary
  7569 | Ossuary  | Reached *** piety under Beogh
  7748 | Bailey   | Entered a bailey
  8022 | Bailey   | Noticed an orc knight
  8028 | Bailey   | Noticed an orc knight
  8036 | Bailey   | Killed an orc knight
  8040 | Bailey   | Killed an orc knight
  8134 | D:8      | Found a bloodstained altar of Trog.
  8166 | D:8      | Reached skill level 10 in Fighting
  8454 | D:8      | Gained Horkud as an ally
  8473 | D:8      | Found a staircase to the Lair.
  8533 | D:8      | Found Nys Piso's Jewellery Emporium.
  8611 | D:8      | Reached **** piety under Beogh
  8648 | D:8      | Noticed a two-headed ogre
  8653 | D:8      | Killed a two-headed ogre
  9212 | Lair:1   | Entered Level 1 of the Lair of Beasts
  9212 | Lair:1   | Noticed a four-headed hydra
  9220 | Lair:1   | Killed a six-headed hydra
  9220 | Lair:1   | Reached XP level 11. HP: 101/101 MP: 1/11
  9307 | Lair:1   | Noticed a seven-headed hydra
  9312 | Lair:1   | Killed an 11-headed hydra
  9346 | Lair:1   | Noticed Erica
  9352 | Lair:1   | Killed Erica
  9395 | Lair:1   | Reached skill level 11 in Fighting
 10390 | Lair:2   | Identified a scroll of acquirement
 10541 | Lair:2   | Gained Brunolf as an ally
 10982 | Lair:3   | Got a scorched quarterstaff
 11025 | Lair:3   | Found a staircase to the Shoals.
 11077 | Shoals:1 | Entered Level 1 of the Shoals
 11123 | Shoals:1 | Noticed a sea snake
 11128 | Shoals:1 | Killed a sea snake
 11128 | Shoals:1 | Reached skill level 10 in Armour
 11166 | Shoals:1 | Noticed a faun
 11169 | Shoals:1 | Noticed a manticore
 11171 | Shoals:1 | Noticed a faun
 11172 | Shoals:1 | Noticed a faun
 11178 | Shoals:1 | Killed a faun
 11179 | Shoals:1 | Killed a manticore
 11182 | Shoals:1 | Killed a faun
 11184 | Shoals:1 | Killed a faun
 11219 | Shoals:1 | Noticed a sea snake
 11225 | Shoals:1 | Killed a sea snake
 11250 | Shoals:1 | Noticed a sea snake
 11255 | Shoals:1 | Killed a sea snake
 11255 | Shoals:1 | Reached XP level 12. HP: 72/112 MP: 4/12
 11359 | Shoals:1 | Reached skill level 12 in Fighting
 11539 | Shoals:1 | Noticed a satyr
 11542 | Shoals:1 | Noticed a merfolk impaler
 11548 | Shoals:1 | Your ally Horkud died
 11551 | Shoals:1 | HP: 4/112 [manticore (2)]
 11553 | Shoals:1 | Mangled by a merfolk impaler

Skill      XL: |  1  2  3  4  5  6  7  8  9 10 11 12 |
---------------+-------------------------------------+-----
Fighting       | 1 2 3 4 5 6 7 9 10 11 12 | 12.2
Armour         | 1 2 3 4 6 7 9 10 | 10.7
Dodging        | 3 4 5 6 7 8 |  8.7
Short Blades   | | 12.2
Long Blades    | | 12.2
Axes           | | 12.2
Maces & Flails | | 12.2
Polearms       | | 12.2
Staves         | | 12.2
Stealth        | |  2.6
Unarmed Combat | | 12.2

Action                   |  1- 3 |  4- 6 |  7- 9 | 10-12 || total
-------------------------+-------+-------+-------+-------++-------
Melee: Unarmed           |    31 |       |     3 |       ||    34
       Club              |    86 |       |       |       ||    86
       Whip              |    79 |    70 |       |       ||   149
       Battleaxe         |       |   183 |   213 |   239 ||   635
       Flail             |       |    15 |       |       ||    15
       Punch             |       |     1 |       |       ||     1
Invok: Convert to Beogh  |       |       |     1 |       ||     1
       Recall Orcish Fol |       |       |       |     8 ||     8
  Use: Scroll            |     2 |     8 |     4 |    10 ||    24
       Potion            |       |     2 |     9 |     9 ||    20
 Stab: Sleeping          |     3 |       |       |     1 ||     4
  Eat: Ration            |     1 |     2 |     5 |     4 ||    12
       Chunk             |     1 |     1 |     2 |       ||     4
Armor: Robe              |   141 |    14 |       |       ||   155
       Ring mail         |       |   137 |   124 |   139 ||   400
       Chain mail        |       |    24 |       |       ||    24
Dodge: Dodged            |   213 |   205 |   182 |   162 ||   762
Block: Other             |       |       |    54 |    68 ||   122
       Reflection        |       |       |    11 |     5 ||    16
